 Dungeon Crawl Stone Soup version 0.31.0-9-g3a7656b989 (webtiles) character file.

Game seed: 13756533981431858605

219 qw the Shooter (level 5, -1/26 HPs)
             Began as a Spriggan Hunter on Feb 2, 2024.
             Incinerated by a bombardier beetle (5 damage)
             ... with a burning spray
             ... on level 4 of the Dungeon.
             The game lasted 00:00:08 (2181 turns).

qw the Shooter (Spriggan Hunter)                    Turns: 2181, Time: 00:00:09

Health: -1/26      AC:  6    Str:  7    XL:     5   Next: 63%
Magic:  6/6        EV: 20    Int: 10    God:
Gold:   123        SH:  0    Dex: 21    Spells: 4/4 levels left

rFire   . . .        a - +1 shortbow
rCold   . . .        (shield currently unavailable)
rNeg    . . .        c - +0 robe
rPois   .            (helmet restricted)
rElec   .            (no cloak)
rCorr   +            (gloves unavailable)
SInv    +            (boots unavailable)
Will    .....        (no amulet)
Stlth   +            m - ring of resist corrosion
HPRegen 0.24/turn    d - +4 ring of protection
MPRegen 0.10/turn

%: no passive effects
@: on fire, glowing, very quick
A: very small, no large weapons, unfitting armour, see invisible, speed 3
a: no special abilities


You were on level 4 of the Dungeon.
You visited 1 branch of the dungeon, and saw 4 of its levels.

You collected 123 gold pieces.


Innate Abilities, Weirdness & Mutations

You are very small and have problems with some larger weapons.
You are too small for most types of armour.
You have supernaturally acute eyesight. (SInv)
You cover ground extremely quickly. (Speed+++)


   Skills:
 - Level 2.2 Fighting
 + Level 5.7 Ranged Weapons
 - Level 5.0 Dodging
 - Level 1.5 Stealth


You had 4 spell levels left.
You didn't know any spells.
Your spell library was empty.

Inventory:

Hand Weapons
 a - a +1 shortbow (weapon)
Armour
 c - a +0 robe (worn)
Jewellery
 d - a +4 ring of protection (right hand)
 k - a ring of ice
 m - a ring of resist corrosion (left hand)
Scrolls
 h - 4 scrolls of teleportation
Potions
 f - a potion of invisibility {unknown}
 i - a potion of haste {unknown}
 l - a potion of ambrosia {unknown}
 n - a potion of curing

Dungeon Overview and Level Annotations

Branches:
Dungeon (4/15)
 Temple: D:4-7

Altars:
Kikubaaqudgha
Makhleb

Annotations:
D:4 Menkaure


Message History

Your surroundings suddenly seem different.
A bombardier beetle comes into view.
Found 9 gold pieces.
You shoot an arrow. The arrow hits the bombardier beetle.
The bombardier beetle is lightly wounded.
You shoot an arrow. The arrow hits the bombardier beetle.
The bombardier beetle is moderately wounded.
You shoot an arrow.
The arrow closely misses the bombardier beetle.
You shoot an arrow.
The arrow closely misses the bombardier beetle.
The bombardier beetle sprays incendiary fluid at you.
The burning spray misses you.
You shoot an arrow.
The arrow closely misses the bombardier beetle.
You shoot an arrow.
The arrow closely misses the bombardier beetle.
You shoot an arrow.
The arrow hits the bombardier beetle but does no damage.
The bombardier beetle is moderately wounded.
The bombardier beetle misses you.
You shoot an arrow. The arrow hits the bombardier beetle!
The bombardier beetle is severely wounded.
You shoot an arrow. The arrow hits the bombardier beetle.
The bombardier beetle is severely wounded.
The bombardier beetle sprays incendiary fluid at you.
The burning spray hits you.
You are covered in liquid fire!
You shoot an arrow. The arrow hits the bombardier beetle.
The bombardier beetle is almost dead.
The liquid fire burns you!
The bombardier beetle barely misses you.
You shoot an arrow. The arrow hits the bombardier beetle.
You kill the bombardier beetle!
The liquid fire burns you!
You are on fire!
The liquid fire burns you!
You are on fire!
The liquid fire burns you!
You die...

. ##. #
#.. #.#.#
.#.## #.#
...#
....$##..#
......%@.#
#.##.###.#
.# .# .#
.# .# ..


There were no monsters in sight!

Vanquished Creatures
  A bombardier beetle (D:4)
  An iguana (D:3)
  Terence (D:3)
  Natasha (D:3)
  5 adders
  2 dart slugs (D:2)
  2 orcs (D:3)
  4 endoplasms
  8 goblins
  5 hobgoblins
  4 quokkas
  8 ball pythons
  4 bats (D:1)
  4 frilled lizards
  2 kobolds
  6 rats
58 creatures vanquished.

Notes
Turn   | Place    | Note
-------+----------+-------------------------------------------
     0 | D:1      | qw the Spriggan Hunter began the quest for the Orb.
     0 | D:1      | Reached XP level 1. HP: 10/10 MP: 2/2
     0 | D:1      | 0 ||| qw: Version: 0.3-a-155-g5e7d8dd
     0 | D:1      | 0 ||| qw: Game counter: 544
     0 | D:1      | 0 ||| qw: Melee chars always use a shield: true
     0 | D:1      | 0 ||| qw: God list: Okawaru
     0 | D:1      | 0 ||| qw: Allow faded altars: false
     0 | D:1      | 0 ||| qw: Do Orc after clearing Dungeon:15 true
     0 | D:1      | 0 ||| qw: Do second Lair branch before Depths: true
     0 | D:1      | 0 ||| qw: Lair rune preference: random
     0 | D:1      | 0 ||| qw: Goals: Normal
     0 | D:1      | 0 ||| PLANNING D:1-11
    63 | D:1      | Reached skill level 3 in Dodging
    94 | D:1      | Reached XP level 2. HP: 14/14 MP: 3/3
   546 | D:1      | 546 ||| UPGRADING to ring of resist corrosion.
   547 | D:1      | 547 ||| READING scroll labelled NUTEOG UPEZE.
   548 | D:1      | 548 ||| READING 3 scrolls labelled ROSCHACS YMONK.
   551 | D:1      | 551 ||| READING 2 scrolls labelled GONKIH WATUCANG.
   551 | D:1      | 551 ||| IDENTIFYING bubbling golden potion
   552 | D:1      | 552 ||| READING scroll of identify.
   552 | D:1      | 552 ||| IDENTIFYING fizzy cyan potion
   553 | D:1      | 553 ||| READING scroll labelled ZUWYSH ITYTOU.
   554 | D:1      | 554 ||| DROPPING scroll of butterflies.
   555 | D:1      | 555 ||| DROPPING potion of brilliance.
   556 | D:1      | 556 ||| DROPPING potion of attraction.
   603 | D:2      | Reached XP level 3. HP: 18/18 MP: 4/4
   929 | D:2      | You fall into a shaft and drop 1 floor!
  1004 | D:3      | Reached XP level 4. HP: 22/22 MP: 5/5
  1137 | D:3      | 1137 ||| UPGRADING to +4 ring of protection.
  1138 | D:3      | 1138 ||| READING scroll of identify.
  1138 | D:3      | 1138 ||| IDENTIFYING viscous orange potion
  1139 | D:3      | 1139 ||| READING scroll labelled OSERYNWAXE.
  1139 | D:3      | 1139 ||| ENCHANTING +0 shortbow.
  1140 | D:3      | 1140 ||| DRINKING 2 sedimented pink potions.
  1405 | D:2      | Found a faded altar of an unknown god.
  1537 | D:2      | 1537 ||| READING scroll labelled REARRA DEPT.
  1650 | D:3      | Noticed Natasha
  1654 | D:3      | Killed Natasha
  1720 | D:3      | Found a burning altar of Makhleb.
  1743 | D:3      | Noticed Terence
  1754 | D:3      | Killed Terence
  1755 | D:3      | Reached XP level 5. HP: 26/26 MP: 6/6
  1990 | D:3      | Found an ancient bone altar of Kikubaaqudgha.
  2117 | D:3      | 2117 ||| READING scroll labelled PUNANW ASOR.
  2117 | D:3      | 2117 ||| ENCHANTING +1 shortbow.
  2155 | D:4      | Noticed Menkaure
  2156 | D:4      | 2156 ||| STAIRDANCE
  2165 | D:4      | HP: 5/26 [??? (3)]
  2166 | D:4      | 2166 ||| READING 5 scrolls of teleportation.
  2167 | D:4      | 2167 ||| DRINKING potion of heal wounds.
  2180 | D:4      | HP: 4/26 [burnt (4)]
  2181 | D:4      | Incinerated by a bombardier beetle

Levels and vault maps discovered:
D:1:      eino_arrival_cavern_d, layout_rooms, minmay_tree_intersection,
          minmay_misc_feat_chi
D:2:      layout_basic, shapermc_ecumenical_altar_acropolis
D:3:      layout_basic, mainiacjoe_overflow_tiny_flanked,
          kiku_gazebo_pond_becter, uniq_terence, uniq_natasha
D:4:      layout_loops_ring, lemuel_crystal_altar,
          minmay_temple_entry_butterflies, ebering_ghost_sewer_d, uniq_robin,
          uniq_menkaure

Skill      XL: |  1  2  3  4 |
---------------+-------------+-----
Dodging        | 3 4 5 |  5.0
Ranged Weapons | 5 |  5.7
Fighting       | 2 |  2.2
Stealth        | |  1.5

Action                     |  1- 3 |  4- 6 || total
---------------------------+-------+-------++-------
   Fire: Shortbow          |    81 |    72 ||   153
    Use: Scroll            |     5 |     5 ||    10
         Potion            |       |     2 ||     2
 Armour: Robe              |     6 |     8 ||    14
  Dodge: Dodged            |    25 |    29 ||    54

Table legend:
 A = Non-vault XP
 B = Vault XP
 C = Vault XP percentage of total XP
 D = Non-vault monster count
 E = Vault monster count
 F = Vault count percentage of total count
                 A         B        C        D         E       F
            +---------+---------+-------+---------+---------+-------
      Total |     244 |      69 |  22.0 |      56 |       2 |   3.4
            +---------+---------+-------+---------+---------+-------
        D:1 |      35 |       0 |   0.0 |      23 |       0 |   0.0
        D:2 |      48 |       0 |   0.0 |      13 |       0 |   0.0
        D:3 |     105 |      69 |  39.7 |      18 |       2 |  10.0
        D:4 |      56 |       0 |   0.0 |       2 |       0 |   0.0
            +---------+---------+-------+---------+---------+-------
